 Dungeon Crawl Stone Soup version 0.32-a0-673-g3729bd50f8 (webtiles) character file.

Game seed: 18045768297989259020

340 ezpacito the Trooper (level 6, -12/72 HPs)
             Began as a Coglin Chaos Knight on Mar 10, 2024.
             Was a Plaything of Xom.
             Mangled by an ogre
             ... wielding a +0 giant spiked club
              (17 damage)
             ... on level 4 of the Dungeon.
             The game lasted 00:03:15 (3079 turns).

ezpacito the Trooper (Coglin Chaos Knight)          Turns: 3079, Time: 00:03:15

Health: -12/72     AC: 23    Str: 14      XL:     6   Next: 56%
Magic:  7/7        EV:  2    Int: 15      God:    Xom [......]
Gold:   175        SH:  0    Dex: 10 (12) Spells: 7/7 levels left

rFire   . . .        a - +0 hand axe (chaos) {Aula}
rCold   . . .        g - +0 spear {Hajoon}
rNeg    . . .        q - melded +0 chain mail
rPois   +            j - melded +0 helmet
rElec   .            p - melded +0 cloak
rCorr   .            l - melded +0 pair of gloves
SInv    .            (boots currently unavailable)
Will    +....        (no amulet)
Stlth   +            (no ring)
HPRegen 0.32/turn    (no ring)
MPRegen 0.10/turn    (no gizmo)

%: no passive effects
@: tree-form, enlightened, revved
A: stationary, stasis, torment immunity, boosted hp, off-hand wielding, slow
wielding, warmup strikes, (no jewellery), clever 1, (cold resistance 1), wild
magic 1, noise suppression
a: Invent Gizmo, Renounce Religion


You were on level 4 of the Dungeon.
You worshipped Xom.
You were a very special plaything of Xom.
You were a tree.
You visited 1 branch of the dungeon, and saw 4 of its levels.

You collected 175 gold pieces.

Inventory:

Hand Weapons
 a - a +0 hand axe of chaos (weapon) {Aula}
 c - a +0 hand axe of flaming
 g - a +0 spear (offhand) {Hajoon}
Missiles
 m - 6 boomerangs (quivered)
Armour
 j - a +0 helmet (melded)
 l - a +0 pair of gloves (melded)
 p - a +0 cloak (melded)
 q - a +0 chain mail (melded)
Talismans
 r - a serpent talisman
Scrolls
 b - a scroll of fog {unknown}
 d - 3 scrolls of revelation {unknown}
 e - a scroll of identify {unknown}
 f - a scroll of enchant armour {unknown}
 h - 2 scrolls of noise {unknown}
 k - a scroll of poison {unknown}
 o - a scroll of vulnerability {unknown}
Potions
 i - a potion of lignification


   Skills:
 * Level 4.2 Fighting
 * Level 4.0(4.2) Axes
 + Level 1.5(2.8) Polearms
 * Level 2.9 Armour
 * Level 2.3 Dodging
 + Level 1.3 Stealth
 + Level 1.1 Spellcasting


You had 7 spell levels left.
You didn't know any spells.
Your spell library contained the following spells:

 Spells                   Type           Power      Damage    Failure   Level
 Slow                     Hex            4%         N/A       32%         1
 Confusing Touch          Hex            1%         N/A       67%         3
 Sigil of Binding         Hex            1%         N/A       67%         3
 Vampiric Draining        Necr           1%         2d6       67%         3


Dungeon Overview and Level Annotations

Branches:
Dungeon (4/15)
 Temple: D:4-7

Altars:
Trog
Uskayaw


Innate Abilities, Weirdness & Mutations

You are a tree.
Your roots penetrate the ground, keeping you stationary.
You cannot be teleported.
You are immune to unholy pain and torment.
Your maximum health is greatly increased.
Your equipment is partially melded.
You can wield a second weapon in your off-hand.
It takes a long time for you to wield or remove held weapons.
Your first few attacks do less damage.
((You cannot equip rings or amulets.))
Your mind is acute. (Int +4, Str/Dex -1)
((Your flesh is cold resistant. (rC+)))
Your spells are a little harder to cast, but a little more powerful.
You passively dampen the noise of your surroundings.


Message History

You closely miss the ogre with your +0 spear.
The ogre is lightly wounded.
You closely miss the ogre with your +0 hand axe of chaos.
The ogre hits you but does no damage.
You hit the ogre but do no damage.
The ogre is lightly wounded.
You closely miss the ogre with your +0 spear.
The ogre hits you but does no damage.
You hit the ogre but do no damage.
The ogre is lightly wounded.
You hit the ogre but do no damage. The ogre hits you but does no damage.
You closely miss the ogre with your +0 hand axe of chaos.
The ogre is lightly wounded.
You barely miss the ogre with your +0 spear.
The ogre hits you but does no damage.
You hit the ogre with your +0 hand axe of chaos.
You freeze the ogre.
The ogre is moderately wounded.
You barely miss the ogre with your +0 spear.
The ogre hits you with a +0 giant spiked club!
* * * LOW HITPOINT WARNING * * *
You take 17 damage, and have 9/72 hp.
MASSIVE DAMAGE!!
You completely miss the ogre with your +0 spear.
The ogre is moderately wounded.
You hit the ogre with your +0 hand axe of chaos.
The ogre is poisoned.
The ogre hits you but does no damage.
You hit the ogre with your +0 spear.
The ogre is moderately wounded.
You hit the ogre but do no damage. The ogre hits you but does no damage.
You hit the ogre with your +0 spear.
The ogre is heavily wounded.
You barely miss the ogre with your +0 hand axe of chaos.
The ogre hits you with a +0 giant spiked club.
* * * LOW HITPOINT WARNING * * *
You take 5 damage, and have 5/72 hp.
It was a potion of enlightenment.
Your roots keep you in place.
Xom roars with laughter!
The ogre hits you with a +0 giant spiked club!
You die...
Xom snickers!

.# ... .#### . ..#.
.#.. .. ... ... .##..
.. ....... ....
.######
..#.#.#####.###O......
......#.#.....♣##
#.#.....#.#.....#
#.#.....#.#.##..##
#.#..#.##.#..#.....
##)#..#.##.##.#.#####
#...†.#.##...........
#..#..........#.##...
#.<#..#.......#.#
#..#..............


You could see an ogre (fast, very poisoned).

Vanquished Creatures
  Sigmund (D:3)
  A bombardier beetle (D:3)
  An orc priest (D:3)
  Crazy Yiuf (D:2)
  2 adders
  A river rat (D:3)
  A ribbon worm (D:2)
  2 dart slugs
  5 orcs (D:3)
  A ball python (shapeshifter) (D:3)
  5 bats
  6 endoplasms
  3 giant cockroaches
  A goblin (D:2)
  6 hobgoblins
  10 kobolds
  2 quokkas
  7 ball pythons
  A frilled lizard (D:1)
  7 rats
64 creatures vanquished.

Notes
Turn   | Place    | Note
-------+----------+-------------------------------------------
     0 | D:1      | ezpacito the Coglin Chaos Knight began the quest for the
                  | Orb.
     0 | D:1      | Reached XP level 1. HP: 18/18 MP: 1/1
    32 | D:1      | XOM: silly message
   230 | D:1      | Reached skill level 1 in Dodging
   346 | D:1      | Reached XP level 2. HP: 24/24 MP: 2/2
   564 | D:1      | XOM: silly message
   638 | D:1      | XOM: silly message
   940 | D:2      | Reached XP level 3. HP: 29/29 MP: 3/3
  1153 | D:2      | Found a faded altar of an unknown god.
  1320 | D:2      | Found a bloodstained altar of Trog.
  1595 | D:2      | Reached XP level 4. HP: 35/35 MP: 4/4
  1733 | D:2      | Found a runed translucent door.
  1734 | D:2      | Noticed Crazy Yiuf
  1738 | D:2      | Killed Crazy Yiuf
  1842 | D:3      | Noticed Terence
  1847 | D:3      | Terence changed into Terence the quokka
  1847 | D:3      | Noticed Terence
  1848 | D:3      | Killed Terence the quokka
  1883 | D:3      | Reached skill level 1 in Polearms
  1883 | D:3      | Reached XP level 5. HP: 42/42 MP: 5/5
  2024 | D:3      | Found a hide-covered altar of Uskayaw.
  2104 | D:3      | an orc changed into a shapeshifter
  2104 | D:3      | Noticed a shapeshifter (shapeshifter)
  2104 | D:3      | XOM: polymorph orc -> shapeshifter
  2104 | D:3      | a shapeshifter changed into a rat
  2126 | D:3      | Reached skill level 1 in Stealth
  2283 | D:3      | XOM: give mutations
  2283 | D:3      | Gained mutation: You passively dampen the noise of your
                  | surroundings. [Xom's grace]
  2283 | D:3      | Gained mutation: Your flesh is cold resistant. (rC+) [Xom's
                  | grace]
  2283 | D:3      | Gained mutation: Your mind is acute. (Int +4, Str/Dex -1)
                  | [Xom's grace]
  2283 | D:3      | Gained mutation: Your spells are a little harder to cast,
                  | but a little more powerful. [Xom's grace]
  2736 | D:3      | Noticed Sigmund
  2741 | D:3      | XOM: potion effect (might)
  2746 | D:3      | Killed Sigmund
  2747 | D:3      | Reached skill level 1 in Spellcasting
  2747 | D:3      | Reached XP level 6. HP: 33/48 MP: 7/7
  2850 | D:3      | XOM: stat loss: -1 Dex (10/12)
  3079 | D:4      | Mangled by an ogre

Illustrated notes

Levels and vault maps discovered:
D:1:      matt_arrival_debris, layout_basic, minmay_misc_feat_iff,
          dk_noncrumbling_2
D:2:      layout_basic, basic_altar, shapermc_ecumenical_altar_rom_forum,
          uniq_crazy_yiuf_cottage
D:3:      layout_loops_corners, lemuel_round_altar, grunt_ministairs_11,
          kennysheep_path_1, uniq_sigmund, uniq_terence
D:4:      layout_basic, vehumet_altar_wand_db

Skill      XL: |  1  2  3  4  5 |
---------------+----------------+-----
Dodging        | 1 2 |  2.3
Armour         | 2 |  2.9
Polearms       | 1 |  1.5
Stealth        | 1 |  1.3
Fighting       | 4 |  4.2
Axes           | 4 |  4.0
Spellcasting   | 1 |  1.1

Action                     |  1- 3 |  4- 6 || total
---------------------------+-------+-------++-------
  Melee: Hand axe          |    52 |    67 ||   119
         Spear             |    80 |    85 ||   165
         Dagger            |     2 |       ||     2
    Use: Potion            |       |     6 ||     6
         Scroll            |       |     1 ||     1
   Stab: Sleeping          |     2 |       ||     2
         Invisible         |       |     2 ||     2
 Armour: Leather armour    |    27 |     1 ||    28
         Chain mail        |       |    47 ||    47
         Skin              |       |    18 ||    18
  Dodge: Dodged            |    26 |    16 ||    42

Table legend: (Time is in decaauts)
 A = Elapsed time spent in this place.
 B = Non-inter-level travel time spent in this place.
 C = Inter-level travel time spent in this place.
 D = Time resting spent in this place.
 E = Time spent auto-exploring this place.
 F = Levels seen in this place.
 G = Mean time per level.
                   A        B        C        D        E       F      G
               +--------+--------+--------+--------+--------+-----+--------+
         Total |   3089 |   2907 |    182 |      4 |   2464 |   4 |  772.2 |
       Dungeon |   3089 |   2907 |    182 |      4 |   2464 |   4 |  772.2 |
               +--------+--------+--------+--------+--------+-----+--------+

Top non-repeatable levels by time:
     D:3: 1177 daAuts
     D:2: 1027 daAuts
     D:1: 822 daAuts
     D:4: 62 daAuts
